 Dungeon Crawl Stone Soup version 0.31-a0-523-g071a6c1ffa (webtiles) character file.

Game seed: 4390913457617273778

724 mopl the Insei (level 7, -3/46 HPs)
             Began as an Octopode Shapeshifter on Aug 11, 2023.
             Slain by an ogre
             ... wielding a +0 giant spiked club
              (27 damage)
             ... on level 5 of the Dungeon.
             The game lasted 00:03:35 (2900 turns).

mopl the Insei (Octopode Shapeshifter)              Turns: 2900, Time: 00:03:35

Health: -3/46      AC:  1    Str: 14    XL:     7   Next: 71%
Magic:  7/7        EV: 15    Int: 10    God:
Gold:   154        SH:  0    Dex: 20    Spells: 6/6 levels left

rFire   . . .        o - +9 whip of Welfare {flame, Dex+5}
rCold   . . .        (no shield)
rNeg    . . .        (helmet currently unavailable)
rPois   .            m - amulet of regeneration
rElec   .            (no ring)
rCorr   .            (no ring)
SInv    .            (no ring)
Will    .....        (no ring)
Stlth   +++          (no ring)
HPRegen 1.07/turn    (no ring)
MPRegen 0.10/turn    (no ring)
                     (no ring)

%: no passive effects
@: beast-form
A: beast (slay +3), almost no armour, amphibious, 8 rings, camouflage 1,
gelatinous body 1, (nimble swimmer 1), tentacles
a: Begin Untransformation


You were on level 5 of the Dungeon.
You were a hulking beast.
You visited 1 branch of the dungeon, and saw 5 of its levels.

You collected 154 gold pieces.

Inventory:

Hand Weapons
 d - a +2 dagger of protection
 o - the +9 whip of Welfare (weapon) {flame, Dex+5}
   (You found it on level 2 of the Dungeon)

   Dex+5:     It affects your dexterity (+5).
Missiles
 j - 4 javelins
 s - 3 boomerangs
 t - 8 poisoned darts
Jewellery
 m - an amulet of regeneration (around mantle)
 u - an amulet of faith {!P}
Talismans
 b - a beast talisman (active)
 c - a flux talisman
Wands
 e - a wand of iceblast (8)
Scrolls
 g - a scroll of revelation {unknown}
 l - 4 scrolls of poison {unknown}
 p - a scroll of teleportation {unknown}
 r - a scroll of immolation {unknown}
Potions
 a - a potion of lignification {!q}
 f - a potion of cancellation
 h - a potion of might
 i - a potion of ambrosia {unknown}
 k - 4 potions of curing {unknown}
 n - 2 potions of mutation {!q}
 q - 3 potions of enlightenment
 v - a potion of heal wounds {unknown}
 w - a potion of brilliance


   Skills:
 + Level 3.2 Fighting
 + Level 3.7 Dodging
 * Level 5.6 Unarmed Combat
 * Level 5.0 Shapeshifting


You had 6 spell levels left.
You didn't know any spells.
Your spell library was empty.

Dungeon Overview and Level Annotations

Branches:
Dungeon (5/15)
 Temple: D:4-7

Altars:
Qazlal


Innate Abilities, Weirdness & Mutations

You are a hulking beast.
Your limbs bulge with bestial killing power. (Slay +3)
You cannot wear most types of armour.
You are amphibious.
You can wear up to eight rings at the same time.
Your skin changes colour to match your surroundings (Stealth+).
Your rubbery body absorbs attacks. (AC +1, EV +1)
((You are camouflaged when in or above water. (Stealth+)))
You have tentacles for arms and can constrict up to eight enemies at once.


Message History

As you read the scroll of identify, it crumbles to dust.
w - a potion of brilliance An adder comes into view.
Found 10 gold pieces.
The helpless adder fails to defend itself.
You hit the adder. You burn the adder. You grab the adder.
The adder is moderately wounded.
You constrict the adder. The adder bites you.
You are poisoned.
The adder poisons you! The adder closely misses you.
An adder is nearby!
You hit the adder. You burn the adder. Your squeeze misses the adder.
The adder is severely wounded.
You constrict the adder.
You feel sick. The adder bites you.
You whack the adder! You burn the adder.
You kill the adder!
You feel sick.
No target in view!
You feel sick.
You feel sick.
You feel sick.
You now have 154 gold pieces (gained 10).
You feel sick.
You are no longer poisoned.
HP restored.
Found a stone staircase leading down.
An ogre comes into view. It is wielding a +0 giant spiked club.
The ogre shouts!
The ogre moves out of view.
An ogre is nearby!
You whack the ogre! You burn the ogre.
The ogre is heavily wounded.
The ogre hits you with a +0 giant spiked club!!
Ouch! That really hurt!
You are too injured to fight recklessly!
You barely miss the ogre. Your squeeze misses the ogre.
The ogre is heavily wounded.
The ogre hits you with a +0 giant spiked club!!
Ouch! That really hurt!
You die...

######## #......# ###
#......# #># #......#
#.###########..!...##
#....................
#.###########h.....#
#.#.........#.O....#
#.#.###.....#........
#.#.###.....#........
#.#.........#........
####.#######.#.###......
#.......#...<#.# ....##
#.....#........# ....#
#†....#.#.##....#


You could see an ogre.

Vanquished Creatures
  3 yaks (D:4)
  A howler monkey (D:4)
  2 hounds (D:4)
  An orc priest (D:3)
  An iguana (D:4)
  7 adders
  A worm (D:2)
  A dart slug (D:3)
  11 orcs
  3 bats
  4 endoplasms
  6 giant cockroaches
  7 goblins
  7 hobgoblins
  6 kobolds
  6 quokkas
  6 ball pythons
  A frilled lizard (D:3)
  6 rats
80 creatures vanquished.

Notes
Turn   | Place    | Note
-------+----------+-------------------------------------------
     0 | D:1      | mopl the Octopode Shapeshifter began the quest for the Orb.
     0 | D:1      | Reached XP level 1. HP: 13/13 MP: 1/1
   131 | D:1      | Reached XP level 2. HP: 18/18 MP: 2/2
   925 | D:2      | Reached XP level 3. HP: 23/23 MP: 3/3
   926 | D:2      | Identified the +1 leather armour of Voagh {Rampage rCorr
                  | MP+9 Dex+3}
  1125 | D:2      | Identified the +9 whip of Welfare {flame, Dex+5}
  1217 | D:2      | Found a stormy altar of Qazlal.
  1516 | D:3      | Reached XP level 4. HP: 25/28 MP: 4/4
  1689 | D:3      | Reached skill level 4 in Unarmed Combat
  1689 | D:3      | Reached XP level 5. HP: 27/34 MP: 5/5
  1734 | D:3      | Found a faded altar of an unknown god.
  1821 | D:3      | Reached skill level 2 in Fighting
  2095 | D:4      | Reached skill level 4 in Shapeshifting
  2198 | D:4      | Reached XP level 6. HP: 35/39 MP: 6/6
  2203 | D:4      | Reached skill level 3 in Dodging
  2256 | D:4      | Noticed a yak
  2256 | D:4      | Noticed a yak
  2257 | D:4      | Noticed a yak
  2337 | D:4      | Killed a yak
  2548 | D:4      | Killed a yak
  2549 | D:4      | Reached skill level 5 in Unarmed Combat
  2549 | D:4      | Reached XP level 7. HP: 45/45 MP: 7/7
  2554 | D:4      | Killed a yak
  2555 | D:4      | Reached skill level 3 in Fighting
  2565 | D:4      | Reached skill level 5 in Shapeshifting
  2828 | D:5      | Entered Level 5 of the Dungeon
  2900 | D:5      | Slain by an ogre

Illustrated notes

Levels and vault maps discovered:
D:1:      dpeg_arrival_tiny_b, layout_basic, nicolae_wormholes
D:2:      layout_basic, basic_altar
D:3:      minmay_inner_zag, layout_basic, hellmonk_ecumenical_altar_run_dry,
          minmay_pentomino_pile
D:4:      layout_loops_ring
D:5:      layout_basic, nicolae_uskayaw_suspiria

Skill      XL: |  1  2  3  4  5  6  7 |
---------------+----------------------+-----
Unarmed Combat | 4 5 |  5.6
Fighting       | 2 3 |  3.2
Shapeshifting  | 4 5 |  5.0
Dodging        | 3 |  3.7

Action                     |  1- 3 |  4- 6 |  7- 9 || total
---------------------------+-------+-------+-------++-------
  Melee: Dagger            |    39 |       |       ||    39
         Constrict         |    16 |    10 |     2 ||    28
         Unarmed           |     5 |       |       ||     5
         Tentacles         |     9 |    11 |     2 ||    22
         Whip              |    15 |    65 |     9 ||    89
         Punch             |       |     1 |       ||     1
    Use: Scroll            |       |     5 |     1 ||     6
   Stab: Sleeping          |     9 |     6 |     1 ||    16
         Distracted        |     1 |       |       ||     1
 Armour: Skin              |     5 |       |       ||     5
  Dodge: Dodged            |    29 |    36 |     3 ||    68

Table legend: (Time is in decaauts)
 A = Elapsed time spent in this place.
 B = Non-inter-level travel time spent in this place.
 C = Inter-level travel time spent in this place.
 D = Time resting spent in this place.
 E = Time spent auto-exploring this place.
 F = Levels seen in this place.
 G = Mean time per level.
                   A        B        C        D        E       F      G
               +--------+--------+--------+--------+--------+-----+--------+
         Total |   2906 |   2834 |     72 |     46 |   2182 |   5 |  581.2 |
       Dungeon |   2906 |   2834 |     72 |     46 |   2182 |   5 |  581.2 |
               +--------+--------+--------+--------+--------+-----+--------+

Top non-repeatable levels by time:
     D:1: 902 daAuts
     D:4: 768 daAuts
     D:2: 587 daAuts
     D:3: 577 daAuts
     D:5: 72 daAuts
